 Dungeon Crawl Stone Soup version 0.21.1-1-g345015fe64 (webtiles) character file.

74 Khress the Sneak (level 4, 0/23 HPs)
             Began as a Spriggan Assassin on Feb 16, 2018.
             Was an Initiate of the Shining One.
             Slain by an adder (2 damage)
             ... on level 2 of the Dungeon.
             The game lasted 00:09:13 (1399 turns).

Khress the Sneak (Spriggan Assassin)                Turns: 1399, Time: 00:09:14

Health: 0/23       AC:  4    Str:  6 (7)  XL:     4   Next: 10%
Magic:  5/5        EV: 17    Int: 11 (12) God:    the Shining One [......]
Gold:   106        SH:  0    Dex: 16 (18) Spells: 3/3 levels left

rFire    . . .     SeeInvis +   a - +3 dagger
rCold    . . .     Gourm    .   (shield restricted)
rNeg     . . .     Faith    .   c - +0 robe
rPois    .         Spirit   .   (helmet restricted)
rElec    .         Reflect  .   d - +1 cloak
rCorr    .         Harm     .   (gloves unavailable)
MR       .....                  (boots unavailable)
Stlth    ++........             (no amulet)
HPRegen  0.07/turn              (no ring)
MPRegen  0.09/turn              (no ring)

@: lethally poisoned (0 -> -5), glowing, very quick
A: very small, unfitting armour, see invisible, herbivore, speed 3, slow
metabolism 2
a: Renounce Religion


You were on level 2 of the Dungeon.
You worshipped the Shining One.
The Shining One was noncommittal.
You were very full.

You visited 1 branch of the dungeon, and saw 2 of its levels.

You collected 106 gold pieces.

Inventory:

Hand Weapons
 a - a +3 dagger (weapon)
 b - a +0 blowgun
Missiles
 e - 23 poisoned needles (quivered)
 f - 2 curare-tipped needles
 j - 5 needles of confusion
 k - 77 stones
 o - 23 bolts
Armour
 c - a +0 robe (worn)
 d - a +1 cloak (worn)
Potions
 l - a potion of agility


   Skills:
 + Level 1.7 Fighting
 + Level 2.9 Short Blades
 + Level 2.2 Throwing
 + Level 2.4 Dodging
 + Level 7.4 Stealth


You had 3 spell levels left.
You didn't know any spells.

Dungeon Overview and Level Annotations

Branches:
Dungeon (2/15)

Altars:
The Shining One


Innate Abilities, Weirdness & Mutations

You are very small and have problems with some larger weapons.
You are too small for most types of armour.
You have supernaturally acute eyesight. (SInv)
You are a herbivore.
You cover ground extremely quickly.
You need consume almost no food.


Message History

You feel a little less agile now. The adder misses you.
The rat bites you but does no damage.
You are too injured to fight recklessly!
You are too injured to fight recklessly!
The adder closely misses you. The rat barely misses you.
You are too injured to fight recklessly!
The adder barely misses you. The rat completely misses you.
You are too injured to fight recklessly!
The adder bites you.
* * * LOW HITPOINT WARNING * * *
You are lethally poisoned!
The adder poisons you! The adder barely misses you. The rat barely misses you.
* * * LOW HITPOINT WARNING * * *
You feel sick. The adder bites you but does no damage.
The rat closely misses you.
You are too injured to fight recklessly!
The adder misses you. The rat bites you but does no damage.
You are too injured to fight recklessly!
The adder bites you.
You die...

≈≈≈≈P≈♣.....# #.#.....#
≈≈≈≈≈≈≈P♣♣.....###...###..
≈≈≈≈≈≈≈≈♣♣#.#.#......##.≈♣
≈≈≈≈≈≈P♣≈♣#.....[....#.≈P≈
≈≈≈≈≈≈≈≈≈P###.#.##.....≈≈≈
≈≈≈≈≈≈≈♣≈.###.#.##...##P≈.
≈≈≈≈≈P≈♣P.....#.##.....♣.♣
≈≈≈P♣≈≈≈P...###......####.
P≈≈P≈≈≈≈S@..# ####.### #.
≈P≈≈≈≈♣♣r##.# ##.## #>
≈≈≈≈♣ P≈.##.# #...# #. ≈≈≈
≈≈≈#.##.# #...# ##. ≈
♣≈P♣##.##.# #...# #.P ≈≈
.....#####...####.. ≈
#..###...........P. #.#
.............≈÷ #.
##..........♣.÷


You could see an adder and a rat.

Vanquished Creatures
  5 adders (D:2)
  2 dart slugs (D:2)
  2 bats
  A giant cockroach (D:2)
  3 goblins
  3 jackals (D:1)
  2 kobolds
  7 frilled lizards
  5 rats
30 creatures vanquished.

Notes
Turn   | Place    | Note
-------+----------+-------------------------------------------
     0 | D:1      | Khress the Spriggan Assassin began the quest for the Orb.
     0 | D:1      | Reached XP level 1. HP: 10/10 MP: 2/2
    43 | D:1      | Reached skill level 6 in Stealth
   115 | D:1      | Reached XP level 2. HP: 7/14 MP: 3/3
   772 | D:2      | Reached XP level 3. HP: 14/18 MP: 4/4
   792 | D:2      | Reached skill level 7 in Stealth
  1143 | D:2      | Reached XP level 4. HP: 13/23 MP: 5/5
  1276 | D:2      | Found a glowing golden altar of the Shining One.
  1283 | D:2      | Became a worshipper of the Shining One
  1399 | D:2      | Slain by an adder

Skill      XL: |  1  2  3 |
---------------+----------+-----
Stealth        | 6 7 |  7.4
Dodging        | 2 |  2.4
Fighting       | |  1.7
Short Blades   | |  2.9
Throwing       | |  2.2

Action                   |  1- 3 |  4- 6 || total
-------------------------+-------+-------++-------
Melee: Dagger            |   110 |    10 ||   120
 Fire: Blowgun           |     4 |       ||     4
  Use: Scroll            |     1 |     5 ||     6
       Potion            |       |     4 ||     4
 Stab: Sleeping          |     5 |       ||     5
  Eat: Ration            |     2 |     1 ||     3
Armor: Robe              |    12 |     8 ||    20
       Skin              |       |    68 ||    68
Dodge: Dodged            |    71 |    42 ||   113
